 Dungeon Crawl Stone Soup version 0.27.0-1-g7a089689b8 (webtiles) character file.

Game seed: 18151988275077199547

6071 Demosthentine the Spear-Bearer (level 10, -6/83 HPs)
             Began as a Merfolk Gladiator on Aug 1, 2021.
             Was a Follower of the Shining One.
             Mangled by a wyvern (7 damage)
             ... on level 8 of the Dungeon.
             The game lasted 00:11:48 (9872 turns).

Demosthentine the Spear-Bearer (Merfolk Gladiator)  Turns: 9872, Time: 00:11:48

Health: -6/83      AC: 12    Str: 17    XL:     10   Next: 87%
Magic:  10/11      EV: 25    Int:  8    God:    the Shining One [*.....]
Gold:   1806       SH:  0    Dex: 22    Spells: 9/9 levels left

rFire    . . .     SeeInvis .   r - +4 trident (vorpal)
rCold    . . .     Faith    .   (no shield)
rNeg     . . .     Spirit   .   q - +0 steam dragon scales
rPois    .         Reflect  .   c - +1 helmet
rElec    .         Harm     .   u - +0 cloak
rCorr    .         Rampage  .   m - +0 pair of gloves
Will     .....                  t - +0 pair of boots
Stlth    +.........             n - amulet of the acrobat
HPRegen  0.23/turn              p - +6 ring of dexterity
MPRegen  0.12/turn              b - +4 ring of evasion

@: glowing
A: (nimble swimmer 2), mertail
a: Renounce Religion


You were on level 8 of the Dungeon.
You worshipped the Shining One.
The Shining One was aware of your devotion.
You visited 2 branches of the dungeon, and saw 9 of its levels.

You collected 1806 gold pieces.

Inventory:

Hand Weapons
 r - a +4 vorpal trident (weapon)
Missiles
 k - a throwing net (quivered)
Armour
 c - a +1 helmet (worn)
 m - a +0 pair of gloves (worn)
 q - +0 steam dragon scales (worn)
 t - a +0 pair of boots (worn)
 u - a +0 cloak (worn)
Jewellery
 b - a +4 ring of evasion (right hand)
 n - an amulet of the acrobat (around neck)
 p - a +6 ring of dexterity (left hand)
Wands
 d - a wand of polymorph (3)
 l - a wand of digging (4)
Scrolls
 a - a scroll of identify
 f - a scroll of magic mapping
 h - a scroll of blinking
Potions
 g - 2 potions of flight
 i - a potion of cancellation
 o - a potion of magic
 s - a potion of mutation
Miscellaneous
 e - a piece from Xom's chessboard (15/15)


   Skills:
 + Level 9.1 Fighting
 + Level 12.0 Polearms
 - Level 2.0 Throwing
 - Level 5.7 Armour
 + Level 11.1 Dodging
 + Level 2.2 Invocations


You had 9 spell levels left.
You didn't know any spells.
Your spell library contained the following spells:

 Spells                   Type           Power      Damage    Failure   Level
 Beastly Appendage        Tmut           0%         N/A       41%         1
 Wereblood                Tmut           0%         N/A       54%         2
 Inner Flame              Hex/Fire       0%         N/A       78%         3
 Spider Form              Tmut/Pois      0%         N/A       78%         3
 Animate Dead             Necr           0%         N/A       99%         4
 Cause Fear               Hex            0%         N/A       99%         4
 Haunt                    Necr/Summ      0%         N/A       100%        7
 Discord                  Hex            0%         N/A       100%        8
 Infestation              Necr           0%         N/A       100%        8


Dungeon Overview and Level Annotations

Branches:
Dungeon (8/15)             Temple (1/1) D:5
   Lair: D:8-11

Altars:
Ashenzari
Cheibriados
Dithmenos
Elyvilon
Fedhas
Gozag
Hepliaklqana
Makhleb
Nemelex Xobeh
Okawaru
Qazlal
Ru
Trog
Uskayaw
Vehumet
Yredelemnul
The Shining One

Shops:
D:8 (


Innate Abilities, Weirdness & Mutations

((You are quick and stealthy near water. (Stealth+, EV+, Speed+++)))
Your lower body shifts to a powerful aquatic tail in water.


Message History

Erica burns you.
* * * LOW HITPOINT WARNING * * *
Unknown command.
You hit Erica.
Erica is almost dead.
Unknown command.
You hit Erica.
You kill Erica!
The wyvern closely misses you.
Your Fighting skill increases to level 9!
Your Polearms skill increases to level 12!
Your Dodging skill increases to level 11!
Your Invocations skill increases to level 2!
Throw: 3 throwing nets
Press: ? - help, Q - select action, (/) - cycle Shift-Dir - straight line, f - wyvern
Aim: a wyvern (haloed, 83% to hit)
You throw a throwing net. The throwing net hits the wyvern.
The wyvern is caught in the net!
The wyvern struggles against the net.
You puncture the wyvern!
The wyvern is moderately wounded.
The wyvern struggles against the net.
You puncture the wyvern!
The wyvern is almost dead.
The wyvern struggles against the net.
The net rips apart, and the wyvern comes free!
You hit the wyvern.
The wyvern is almost dead.
The wyvern bites you!
* * * LOW HITPOINT WARNING * * *
You hit the wyvern but do no damage.
The wyvern is almost dead.
The wyvern barely misses you.
Throw: 2 throwing nets
Press: ? - help, Q - select action, (/) - cycle Shift-Dir - straight line, f/p - wyvern
Aim: a wyvern (almost dead, haloed, 83% to hit)
You throw a throwing net.
The throwing net barely misses the wyvern.
The wyvern completely misses you. The wyvern bites you!
You die...

##.################
..................
#..........#######
#.######.#.# # #....#
#.#.#
#..###♣...###.#.#####
#....................
#..##♣∩♣#####.#.###...
#?.##.@.......#.# ##..#
#.....♣l......... ...#
#..###[########.####..#
#>..l.h....... .. .....
#.......###### ## #..#
........... #..#
##........... #...
...####..##### #..# ...
#..# ########...


You could see a wyvern.

Vanquished Creatures
  Harold (D:7)
  Erica (D:8)
  A two-headed ogre (D:7)
  Pikel (D:6)
  Maggie (D:6)
  2 steam dragons
  Menkaure (D:5)
  5 water moccasins
  Duvessa (D:7)
  2 sky beasts
  2 ice beasts (D:6)
  2 necrophages (D:4)
  4 ogres
  A phantom (D:6)
  The ghost of Smaepdii the Bolt Thrower, an amateur KoAM of Elyvilon (D:3)
  A kobold brigand (D:8)
  2 gnoll sergeants (D:7)
  2 bullfrogs
  Dowan (D:7)
  2 scorpions
  3 wights (D:7)
  A howler monkey (D:6)
  2 bullfrog zombies (D:5)
  A jelly (D:6)
  3 centaur zombies
  2 hounds
  Crazy Yiuf (D:7)
  A bullfrog skeleton (D:6)
  A gnoll shaman (D:6)
  3 iguanas
  2 orc wizards (D:8)
  A hound skeleton (D:4)
  Robin (D:3)
  A howler monkey zombie (D:8)
  15 gnolls
  2 adders
  3 white imps
  A worm (D:3)
  4 orcs
  5 ball pythons
  4 endoplasms
  A giant cockroach (D:1)
  15 goblins
  5 hobgoblins
  10 jackals (D:3)
  5 quokkas
  5 bats
  3 frilled lizards
  12 kobolds
  8 rats
155 creatures vanquished.

Notes
Turn   | Place    | Note
-------+----------+-------------------------------------------
     0 | D:1      | Demosthentine the Merfolk Gladiator began the quest for the
                  | Orb.
     0 | D:1      | Reached XP level 1. HP: 16/16 MP: 1/1
   248 | D:1      | Reached XP level 2. HP: 23/23 MP: 2/2
   598 | D:1      | Found a faded altar of an unknown god.
  1012 | D:2      | Reached XP level 3. HP: 28/28 MP: 3/3
  1406 | D:2      | Reached skill level 5 in Polearms
  1919 | D:3      | Reached skill level 1 in Armour
  1971 | D:3      | Found a runed translucent gate.
  1971 | D:3      | Found a runed translucent gate.
  1971 | D:3      | Found a runed translucent gate.
  1976 | D:3      | Noticed Smaepdii's ghost (amateur KoAM)
  2055 | D:3      | Found a shadowy altar of Dithmenos.
  2149 | D:3      | Noticed Robin
  2151 | D:3      | Reached XP level 4. HP: 34/34 MP: 4/4
  2182 | D:3      | Killed Robin
  2965 | D:3      | Killed Smaepdii's ghost
  2966 | D:3      | Reached skill level 5 in Dodging
  2966 | D:3      | Reached XP level 5. HP: 26/41 MP: 5/5
  2981 | D:3      | Identified the +3 war axe of Wu Jian's Benevolence {drain,
                  | Stlth+}
  3216 | D:3      | Found a burning altar of Makhleb.
  3328 | D:4      | Noticed an ogre
  3346 | D:4      | Killed an ogre
  3347 | D:4      | Reached skill level 6 in Polearms
  3347 | D:4      | Reached XP level 6. HP: 27/48 MP: 6/6
  3764 | D:4      | Noticed a necrophage
  3776 | D:4      | Killed a necrophage
  3860 | D:4      | Reached XP level 7. HP: 46/54 MP: 7/7
  4404 | D:4      | Identified a scroll of acquirement
  4404 | D:4      | Acquired 1356 gold pieces
  4435 | D:5      | Entered Level 5 of the Dungeon
  4449 | D:5      | Reached skill level 7 in Polearms
  4552 | D:5      | Noticed Menkaure
  4567 | D:5      | Killed Menkaure
  4978 | D:4      | Reached skill level 5 in Fighting
  5249 | D:5      | Reached XP level 8. HP: 26/62 MP: 8/8
  5432 | D:5      | Reached skill level 8 in Polearms
  5744 | D:5      | Found a staircase to the Ecumenical Temple.
  5837 | Temple   | Entered the Ecumenical Temple
  5843 | Temple   | Became a worshipper of the Shining One
  6680 | D:6      | Noticed Pikel
  6712 | D:6      | Reached skill level 9 in Polearms
  6722 | D:6      | Killed Pikel
  6723 | D:6      | Reached XP level 9. HP: 28/71 MP: 9/9
  7360 | D:6      | Reached skill level 10 in Polearms
  7591 | D:6      | Noticed Maggie
  7613 | D:6      | Killed Maggie
  8185 | D:7      | Reached * piety under the Shining One
  8203 | D:7      | Reached skill level 5 in Armour
  8487 | D:7      | Reached XP level 10. HP: 59/80 MP: 10/10
  8656 | D:7      | Found a runed translucent door.
  8687 | D:7      | Noticed a two-headed ogre
  8699 | D:7      | Killed a two-headed ogre
  8700 | D:7      | Reached skill level 11 in Polearms
  8700 | D:7      | Reached skill level 10 in Dodging
  8952 | D:7      | Noticed Harold
  8976 | D:7      | Killed Harold
  9131 | D:7      | Noticed Dowan
  9137 | D:7      | Noticed Duvessa
  9154 | D:7      | Killed Duvessa
  9162 | D:7      | Killed Dowan
  9587 | D:7      | Noticed Crazy Yiuf
  9592 | D:7      | Killed Crazy Yiuf
  9829 | D:8      | Found Hoch's Weapon Boutique.
  9843 | D:8      | Noticed Erica
  9845 | D:8      | Reached skill level 1 in Invocations
  9866 | D:8      | Killed Erica
  9867 | D:8      | Reached skill level 12 in Polearms
  9870 | D:8      | HP: 1/83 [wyvern (9)]
  9872 | D:8      | Mangled by a wyvern

Illustrated notes

Levels and vault maps discovered:
D:1:      onia_arrival_mini_maze_b, layout_loops_cross,
          shapermc_ecumenical_altar_pompeii, kennysheep_doodads
D:2:      layout_basic, chequers_garden
D:3:      minmay_door_path, layout_loops_cross, lightli_temple_of_fire,
          nicolae_dithmenos_the_darkroom, gammafunk_ghost_split,
          chequers_arboretum, uniq_robin
D:4:      layout_basic, kennysheep_cluttered_room
D:5:      layout_gridville, minmay_temple_entry_hall,
          hellmonk_bongcloud_opening, uniq_menkaure
D:6:      layout_basic, uniq_maggie, uniq_pikel
D:7:      layout_loops_ring, uniq_crazy_yiuf_cottage, uniq_duvessa, uniq_harold
D:8:      gammafunk_jiyva_shrine, layout_basic, mainiacjoe_overflow_brackets,
          zin_angel, serial_shops, nicolae_shop_trees,
          minmay_misc_feat_secret_circle, uniq_joseph, uniq_erica
Temple:   nicolae_temple_no_exploring_needed

Skill      XL: |  1  2  3  4  5  6  7  8  9 10 |
---------------+-------------------------------+-----
Polearms       | 5 6 7 9 10 12 | 12.0
Armour         | 1 2 3 4 5 |  5.7
Fighting       | 3 4 5 6 7 9 |  9.1
Dodging        | 5 6 7 8 9 11 | 11.1
Invocations    | 2 |  2.2
Throwing       | |  2.0

Action                   |  1- 3 |  4- 6 |  7- 9 | 10-12 || total
-------------------------+-------+-------+-------+-------++-------
Melee: Trident           |   137 |    99 |   439 |   107 ||   782
Throw: Throwing net      |       |     2 |     3 |     2 ||     7
  Use: Scroll            |     3 |     2 |     5 |     2 ||    12
       Potion            |       |     4 |     3 |       ||     7
 Stab: Sleeping          |     3 |     1 |       |       ||     4
       Distracted        |     1 |       |       |       ||     1
Armor: Leather armour    |    35 |    24 |    63 |       ||   122
       Steam dragon scal |       |       |     9 |    12 ||    21
Dodge: Dodged            |    52 |    64 |   241 |    61 ||   418
